 Dungeon Crawl Stone Soup version 0.24.0-5-g267a8d59f4 (webtiles) character file.

Game seed: 2733684356689213128, levelgen mode: deterministic

1743 wullow the Poker (level 9, -6/65 HPs)
             Began as a Merfolk Wanderer on Nov 2, 2019.
             Mangled by a wight
             ... wielding a +3 halberd
              (12 damage)
             ... on level 6 of the Dungeon.
             The game lasted 00:22:16 (7703 turns).

wullow the Poker (Merfolk Wanderer)                 Turns: 7703, Time: 00:22:16

Health: -6/65      AC:  5    Str: 22    XL:     9   Next: 5%
Magic:  12/12      EV: 13    Int: 13    God:
Gold:   269        SH: 10    Dex: 15    Spells: 11/12 levels left

rFire    . . .     SeeInvis .   d - +1 spear
rCold    + . .     Gourm    .   u - +0 shield
rNeg     . . .     Faith    .   C - +1 leather armour "Mepob" {rElec Str+3 Dex+2}
rPois    .         Spirit   .   o - +0 helmet (curse)
rElec    +         Reflect  .   (no cloak)
rCorr    .         Harm     .   (no gloves)
MR       .....                  (no boots)
Stlth    +++.......             (no amulet)
HPRegen  0.20/turn              D - ring of protection from cold
MPRegen  0.13/turn              (no ring)

@: mighty, lethally poisoned (-6 -> -17), lightly drained
A: change form in water, swift swim, stealthy swim
a: no special abilities


You were on level 6 of the Dungeon.
You were not hungry.

You visited 1 branch of the dungeon, and saw 6 of its levels.
You also visited: Sewer.

You collected 269 gold pieces.

Inventory:

Hand Weapons
 a - a +2 shortbow
 d - a +1 spear (weapon)
 e - a +0 dagger of pain
 f - a +0 dagger of venom
 h - a +0 hand axe of flaming
 s - a +1 falchion of holy wrath
 z - a +0 hunting sling
Missiles
 b - 76 arrows
 j - 224 stones
 m - 48 sling bullets
 q - 6 javelins
 G - 3 poisoned darts (quivered)
Armour
 o - a cursed +0 helmet (worn)
 u - a +0 shield (worn)
 C - the +1 leather armour "Mepob" (worn) {rElec Str+3 Dex+2}
   (You found it on level 4 of the Dungeon)

   It affects your strength (+3).
   It affects your dexterity (+2).
   It insulates you from electricity.
Jewellery
 r - an uncursed amulet of the acrobat
 A - an uncursed ring of protection from fire
 D - a ring of protection from cold (left hand)
Scrolls
 n - a scroll of fog
 p - 4 scrolls of teleportation
 t - a scroll of blinking
 v - 2 scrolls of remove curse
 x - a scroll of immolation {unknown}
 y - a scroll of magic mapping {unknown}
 E - a scroll of enchant weapon
 F - a scroll of amnesia {unknown}
 H - a scroll of fear {unknown}
Potions
 c - a potion of lignification
 g - a potion of flight
 i - a potion of might
 w - a potion of cancellation
 B - a potion of ambrosia
Comestibles
 k - 4 rations


   Skills:
 - Level 4.1(3.5) Fighting
 + Level 7.8(7.2) Polearms
 - Level 1.0(0.5) Bows
 - Level 1.0(0.5) Throwing
 + Level 1.8(1.3) Armour
 + Level 6.0(5.4) Dodging
 + Level 5.6(5.0) Stealth
 * Level 5.9(5.3) Shields
 * Level 2.0(1.5) Spellcasting
 * Level 2.2(1.6) Hexes


You had 11 spell levels left.
You knew the following spells:

 Your Spells              Type           Power        Failure   Level  Hunger
a - Confusing Touch       Hex            #.....       47%         1    ##.....

Your spell library contained the following spells:

 Spells                   Type           Power        Failure   Level  Hunger
 Animate Skeleton         Necr           N/A          73%         1    ##.....
 Apportation              Tloc           #.....       73%         1    ##.....
 Summon Small Mammal      Summ           #...         73%         1    ##.....


Dungeon Overview and Level Annotations

Branches:
Dungeon (6/15)              Sewer (visited)
 Temple: D:4-7

Altars:
Ashenzari
Dithmenos
Ru

Annotations:
D:2 exclusion: ice beast


Message History

The wight hits you from afar with a +0 trident!
* * * LOW HITPOINT WARNING * * *
You feel very mighty all of a sudden.
* * * LOW HITPOINT WARNING * * *
You feel sick. The wight hits you but does no damage.
Attack whom?
Press: ? - help, Dir - move target cursor, f/p - wight
Aim: a wight, wielding a +0 trident and wearing a +0 robe (lightly damaged)
You reach to attack!
You puncture the wight!
The wight is severely damaged.
* * * LOW HITPOINT WARNING * * *
You feel sick. You block the wight's attack.
Attack whom?
Press: ? - help, Dir - move target cursor, f/p - wight
Aim: a wight, wielding a +0 trident and wearing a +0 robe (severely damaged)
The wight is in the way.
You hit the wight.
The wight is lightly damaged.
* * * LOW HITPOINT WARNING * * *
You feel sick. The wight hits you with a +3 halberd!
You die...

#......# #.....##
## ##...#.# .<.
#.....## #..
#.....# #..
##.....# #..###
#.....##
#.zz#######.....#
#..#@..##......##
#..###.........#
...# ###.......#
.... #........#
.z.#.. #........#
..##. ..........#
.# #.
#..........#
######.##### ##


You could see 2 wights.

Vanquished Creatures
  An orc warrior (D:4)
  An ice beast (D:6)
  A necrophage (D:6)
  2 ogres
  6 big kobolds (Sewer)
  A water moccasin skeleton (D:4)
  2 wights (D:6)
  2 crimson imps
  A hound (D:4)
  A jelly (D:4)
  2 orc priests (D:4)
  7 orc wizards
  An iguana (D:3)
  4 worker ants
  7 adders
  A howler monkey skeleton (D:4)
  A river rat (Sewer)
  4 oozes
  An adder zombie (D:5)
  8 worms
  4 dart slugs (D:1)
  4 leopard geckos
  24 orcs
  5 ball pythons
  6 giant cockroaches
  5 goblins
  11 hobgoblins
  11 jackals
  5 kobolds
  4 quokkas
  13 bats
  A frilled lizard (D:5)
  A leopard gecko zombie (D:5)
  12 rats
160 creatures vanquished.

Notes
Turn   | Place    | Note
-------+----------+-------------------------------------------
     0 | D:1      | wullow the Merfolk Wanderer began the quest for the Orb.
     0 | D:1      | wullow set off with the following items: a +2 shortbow, 25
                  | arrows, a potion of lignification, a +0 spear, a +0 robe, a
                  | ration
     0 | D:1      | Reached XP level 1. HP: 18/18 MP: 1/1
   297 | D:1      | Reached XP level 2. HP: 20/24 MP: 2/2
   610 | D:1      | Reached XP level 3. HP: 22/29 MP: 3/3
   645 | D:1      | Reached skill level 5 in Polearms
  1006 | D:2      | Noticed an ice beast
  1866 | D:3      | Found a glowing drain.
  1884 | D:3      | Reached XP level 4. HP: 13/37 MP: 4/4
  1925 | Sewer    | Entered a sewer
  1945 | Sewer    | Noticed a big kobold
  1945 | Sewer    | Noticed a big kobold
  1963 | Sewer    | Killed a big kobold
  1963 | Sewer    | Reached skill level 1 in Shields
  1963 | Sewer    | Reached XP level 5. HP: 39/42 MP: 5/5
  1992 | Sewer    | Killed a big kobold
  2387 | Sewer    | Noticed a big kobold
  2398 | Sewer    | Reached XP level 6. HP: 43/48 MP: 6/6
  2509 | Sewer    | Reached skill level 6 in Polearms
  3164 | Sewer    | Reached XP level 7. HP: 21/54 MP: 7/7
  4643 | D:4      | Got a bloodstained leather armour
  4654 | D:4      | Identified the +1 leather armour "Mepob" {rElec Str+3
                  | Dex+2} (You found it on level 4 of the Dungeon)
  4794 | D:4      | Reached skill level 5 in Dodging
  5005 | D:4      | Reached skill level 7 in Polearms
  5025 | D:4      | Reached XP level 8. HP: 55/60 MP: 8/8
  5073 | D:4      | Learned a level 1 spell: Confusing Touch
  5340 | D:5      | Entered Level 5 of the Dungeon
  5350 | D:5      | Reached skill level 1 in Armour
  5548 | D:4      | HP: 3/60 [hound (6)]
  5862 | D:4      | Reached skill level 5 in Stealth
  6128 | D:5      | Reached skill level 5 in Shields
  6128 | D:5      | Reached skill level 1 in Spellcasting
  6128 | D:5      | Reached skill level 1 in Hexes
  7126 | D:4      | Found a sacrificial altar of Ru.
  7294 | D:5      | Found a shattered altar of Ashenzari.
  7296 | D:5      | Found a shadowy altar of Dithmenos.
  7657 | D:6      | Reached XP level 9. HP: 65/65 MP: 11/11
  7703 | D:6      | Mangled by a wight

Levels and vault maps discovered:
D:1:      dpeg_arrival_erosion, layout_loops_ring, minmay_box_of_dots
D:2:      layout_basic
D:3:      layout_basic, portal_sewer_entry_d, minmay_quantized
D:4:      lemuel_upstairs_altar, layout_cave_pools, first_ration
D:5:      layout_rooms, nicolae_overflow_hidden_temple, minmay_misc_feat_chi
D:6:      layout_cave_pods, serial_shops, shop_statue

Skill      XL: |  1  2  3  4  5  6  7  8  9 |
---------------+----------------------------+-----
Dodging        | 2 3 4 5 6 |  6.0
Stealth        | 2 3 4 5 |  5.6
Polearms       | 5 6 7 |  7.8
Shields        | 1 2 3 4 5 |  5.9
Fighting       | 4 |  4.1
Armour         | 1 |  1.8
Spellcasting   | 1 2 |  2.0
Hexes          | 2 |  2.2
Bows           | |  1.0
Throwing       | |  1.0

Action                   |  1- 3 |  4- 6 |  7- 9 || total
-------------------------+-------+-------+-------++-------
Melee: Spear             |   150 |   166 |   556 ||   872
       Tailslap          |       |     2 |     7 ||     9
Throw: Dart              |     2 |    54 |     8 ||    64
       Stone             |       |    18 |     5 ||    23
  Use: Scroll            |     4 |       |     5 ||     9
       Potion            |       |     3 |     3 ||     6
 Stab: Sleeping          |     9 |     1 |     9 ||    19
       Distracted        |     1 |       |     1 ||     2
  Eat: Chunk             |     3 |     4 |    15 ||    22
Armor: Robe              |    24 |     9 |     7 ||    40
       Chain mail        |       |       |    18 ||    18
       Leather armour    |       |       |    78 ||    78
Dodge: Dodged            |    58 |    38 |   197 ||   293
Block: Shield            |     8 |    49 |   223 ||   280
